 Dungeon Crawl Stone Soup version 0.21-a0-258-g4c0eb85 (webtiles) character file.

6808 tidbits the Martial Artist (level 10, -3/75 HPs)
             Began as a Demigod Transmuter on Sept 6, 2017.
             Slain by a two-headed ogre
             ... wielding a +0 giant club
              (16 damage)
             ... on level 10 of the Dungeon.
             The game lasted 00:43:50 (5134 turns).

tidbits the Martial Artist (Demigod Transmuter)     Turns: 5134, Time: 00:43:51

Health: -3/75      AC:  8    Str: 13    XL:     10   Next: 48%
Magic:  14/16      EV: 22    Int: 23    God:
Gold:   517        SH:  0    Dex: 21    Spells: 2/13 levels left

rFire    + . .     SeeInvis .     - Unarmed
rCold    . . .     Gourm    .   (no shield)
rNeg     + . .     Faith    .   B - +0 leather armour {rN+}
rPois    .         Spirit   .   E - +1 helmet
rElec    .         Reflect  .   (no cloak)
rCorr    .         Harm     .   G - +2 pair of gloves
MR       +....                  (no boots)
Stlth    +++.......             (no amulet)
HPRegen  0.22/turn              W - ring of wizardry
MPRegen  0.15/turn              m - ring of protection from fire

@: agile, drained
A: frail 1, high mp 1, evolution 1
a: no special abilities


You were on level 10 of the Dungeon.
You were not hungry.

You visited 1 branch of the dungeon, and saw 10 of its levels.
You also visited: Sewer.

You collected 517 gold pieces.

Inventory:

Hand Weapons
 a - a +3 dagger of pain
   (You took it off a goblin on level 2 of the Dungeon)
 i - a +2 blowgun
 H - a +1 halberd of venom
   (You took it off a gnoll on level 6 of the Dungeon)
 N - a +2 dagger of venom
   (You took it off an orc on level 9 of the Dungeon)
Missiles
 l - 84 bolts
 p - 43 stones (quivered)
 q - 88 poisoned needles
 u - 186 arrows
 y - 9 tomahawks
 U - 6 needles of confusion
 V - 5 javelins
Armour
 B - a +0 leather armour of positive energy (worn)
   (You took it off an orc priest on level 5 of the Dungeon)
 C - a +0 robe
 E - a +1 helmet (worn)
 G - a +2 pair of gloves (worn)
Jewellery
 m - a ring of protection from fire (right hand)
   (You found it on level 1 of the Dungeon)
 t - an uncursed ring of fire
   (You found it on level 3 of the Dungeon)
 W - a ring of wizardry (left hand)
   (You found it on level 1 of the Dungeon)
Wands
 d - a wand of digging (7/24)
 f - a wand of random effects (30/48)
 D - a wand of flame (16/48)
Scrolls
 e - 4 scrolls of immolation
 g - 3 scrolls of recharging
 k - a scroll of fog
 r - 7 scrolls of remove curse
 A - 2 scrolls of amnesia
 F - a scroll of holy word {unknown}
 P - a scroll of enchant armour
 Q - a scroll of magic mapping {unknown}
 R - a scroll of summoning {unknown}
 T - a scroll of noise {unknown}
Potions
 b - a potion of experience {unknown}
 j - 3 potions of flight
 w - 2 potions of curing
 x - 2 potions of heal wounds
 z - a potion of might
 I - 2 potions of ambrosia
 J - a potion of agility
 M - a potion of resistance {unknown}
 O - 2 potions of lignification {unknown}
Books
 c - a book of Changes

   Spells                             Type                      Level
   a - Beastly Appendage              Transmutation                1
   b - Sticks to Snakes               Transmutation                2
   c - Spider Form                    Transmutation/Poison         3
   d - Ice Form                       Ice/Transmutation            4
   e - Blade Hands                    Transmutation                5
Comestibles
 o - 7 chunks of flesh
 s - 6 bread rations
 v - 12 fruits


   Skills:
 + Level 6.4(6.3) Fighting
 + Level 6.5 Dodging
 - Level 1.0(0.9) Stealth
 * Level 10.2(10.1) Unarmed Combat
 - Level 2.2 Spellcasting
 - Level 7.1 Transmutations


You had 2 spell levels left.
You knew the following spells:

 Your Spells              Type           Power        Failure   Level  Hunger
e - Beastly Appendage     Tmut           #####.       1%          1    None
h - Blade Hands           Tmut           #####.....   10%         5    ######.
k - Sticks to Snakes      Tmut           #####...     1%          2    ##.....
p - Spider Form           Tmut/Pois      ###.......   4%          3    ###....


Dungeon Overview and Level Annotations

Branches:
Dungeon (10/15)            Temple (0/1) D:7            Lair (0/6) D:9
    Orc (0/2) D:9

Shops:
D:10 (


Innate Abilities, Weirdness & Mutations

You have an increased reservoir of magic. (+10% MP)
You are frail. (-10% HP)
You evolve.


Message History

C - a +0 robe Drop what? 43/52 slots (_ for help) (? for menu, Esc to quit)
Okay, then.
Okay, then.
There is an open door here.
Things that are here:
a hand axe; a plate armour; an orc corpse You butcher the orc corpse.
Items here: % ) [ ÷ a hand axe; a plate armour; 3 chunks of flesh; an orc skeleton
Okay, then.
Autopickup is now on.
o - 7 chunks of flesh (gained 3)
Your magical contamination has completely faded away.
You open the door.
There is an open door here.
You open the door.
There is an open door here.
You open the door.
Found 9 gold pieces, a leather armour and a scroll of remove curse.
Found a blackened bronze wand.
There is an open door here.
You now have 517 gold pieces (gained 9).
r - 7 scrolls of remove curse (gained 1)
f - a wand of random effects (?/48)
You open the door.
Found a stone staircase leading up.
There is an open door here.
There is a stone staircase leading up here.
You open the door.
There is an open door here.
Magic restored.
You see here a leather armour.
There is an open door here.
There is an open door here.
There is an escape hatch in the floor here.
You slide downwards.
The hatch slams shut behind you. 4 gnolls come into view.
The gnoll shouts! x4; The ogre shouts!
The gnoll barely misses you. The gnoll closely misses you.
The gnoll hits you but does no damage.
Found a scroll of remove curse and a scroll labeled ANOASU BYPAI.
Found a scroll of teleportation.
A two-headed ogre comes into view. It is wielding two giant clubs.
A yak comes into view.
The yak bellows!
The two-headed ogre shouts in stereo!
A yak and a hornet come into view. 2 yaks come into view.
The yak bellows!
As you read the scroll labeled FIDUXA VETRU, it crumbles to dust.
It is a scroll of amnesia.
Forget which spell ([?*] list [ESC] exit)?
Forget which spell ([?*] list [ESC] exit)?
Okay, then.
The gnoll hits you with a flail.
A yak comes into view.
Casting: Blade Hands
Confirm with . or Enter, or press ? or * to list all spells.
You turn into a venomous arachnid creature.
Your +0 helmet melds into your body.
Your +2 pair of gloves melds into your body.
Your +0 leather armour of positive energy melds into your body.
You feel less protected from negative energy.
The yak bellows! x3
The yak moves out of view.
A yak and a howler monkey come into view.
As you read the scroll labeled EZUFED GUAF, it crumbles to dust.
The scroll dissolves into smoke.
It was a scroll of fog.
The gnoll completely misses you.
The two-headed ogre completely misses you. x2
As you read the scroll labeled UGROLAU DOCK, it crumbles to dust.
It is a scroll of enchant armour.
Your +0 helmet glows green for a moment.
The gnoll completely misses you. The two-headed ogre barely misses you.
The two-headed ogre hits you with a giant club.
Your transformation has ended.
Your +1 helmet unmelds from your body.
Your +2 pair of gloves unmelds from your body.
Your +0 leather armour of positive energy unmelds from your body.
You feel more protected from negative energy.
The gnoll misses you.
Okay, then.
You feel agile all of a sudden.
The two-headed ogre hits you with a giant club! x2
* * * LOW HITPOINT WARNING * * *
The gnoll misses you.
Evoke which item? (* to show all) (? for menu, Esc to quit)
Aiming: Dig
Press: ? - help, Shift-Dir - straight line, f - you The rock shatters into small pieces.
This wand has 7 charges left.
The two-headed ogre hits you with a giant club.
* * * LOW HITPOINT WARNING * * *
The two-headed ogre hits you with a giant club!
* * * LOW HITPOINT WARNING * * *
The gnoll hits you with a flail.
* * * LOW HITPOINT WARNING * * *
A bullfrog comes into view.
The two-headed ogre completely misses you.
The two-headed ogre hits you with a giant club!
You die... .hY YY

?. ##. #Y. #y#
.##.####O#
#......@§#
###.####g# #O# .
##g# ##.# #..# ###..
#g## ##...##### ##.#
# ..#.....#...c.#
#.####<>...[...c....


You could see a two-headed ogre, a hornet, an ogre and a gnoll.

Vanquished Creatures
  Erolcha (D:9)
  2 two-headed ogres (D:8)
  The ghost of zero the Severer, a novice MiBe of Trog (D:8)
  Joseph (D:7)
  An ice beast (D:7)
  3 orc warriors
  3 ogres
  2 phantoms
  7 centaurs
  5 big kobolds
  2 crocodiles (D:9)
  3 bullfrogs
  A scorpion (D:8)
  4 killer bees (D:7)
  A howler monkey (D:4)
  7 wights
  2 crimson imps
  A bullfrog skeleton (D:5)
  7 orc wizards
  4 orc priests
  A gnoll shaman (D:5)
  4 hounds
  3 iguanas
  Terence (D:3)
  Natasha (twice) (D:3)
  8 worker ants
  2 hound skeletons
  8 gnolls
  5 adders
  2 shadow imps
  An ooze (D:1)
  2 adder skeletons
  3 worms
  A dart slug (D:1)
  3 leopard geckos
  23 orcs
  A ball python (D:6)
  8 bats
  A bat skeleton (D:2)
  6 giant cockroaches
  9 goblins
  8 hobgoblins
  12 jackals
  31 kobolds
  8 quokkas
  3 frilled lizards
  A giant cockroach zombie (D:3)
  A leopard gecko zombie (D:4)
  8 rats
224 creatures vanquished.

Vanquished Creatures (collateral kills)
  A porcupine (D:9)
  A bullfrog (D:8)
  An orc wizard (D:5)
  A worker ant (D:4)
  2 adders
  4 orcs
  2 bats
  A giant cockroach (D:1)
  3 goblins
  A jackal (D:1)
  3 kobolds
20 creatures vanquished.

Vanquished Creatures (others)
  A sky beast (D:5)
1 creature vanquished.

Grand Total: 245 creatures vanquished

Notes
Turn   | Place    | Note
-------+----------+-------------------------------------------
     0 | D:1      | tidbits the Demigod Transmuter began the quest for the Orb.
     0 | D:1      | Reached XP level 1. HP: 15/15 MP: 5/5
    89 | D:1      | Reached skill level 2 in Spellcasting
   124 | D:1      | Reached skill level 2 in Transmutations
   152 | D:1      | Reached XP level 2. HP: 11/22 MP: 5/7
   156 | D:1      | Learned a level 2 spell: Sticks to Snakes
   434 | D:2      | Found a sparkling altar of Nemelex Xobeh.
   465 | D:2      | Reached XP level 3. HP: 17/27 MP: 5/9
   476 | D:2      | Learned a level 3 spell: Spider Form
   500 | D:2      | Reached skill level 3 in Transmutations
   616 | D:2      | Found a hazy altar of Hepliaklqana.
   616 | D:2      | Found a stormy altar of Qazlal.
   617 | D:2      | Found a radiant altar of Vehumet.
   794 | D:2      | Reached skill level 3 in Unarmed Combat
   800 | D:2      | Reached XP level 4. HP: 32/34 MP: 4/10
   873 | D:3      | Reached skill level 4 in Unarmed Combat
   952 | D:3      | Noticed Natasha
   962 | D:3      | Killed Natasha
   982 | D:3      | Noticed Natasha
   987 | D:3      | Noticed an ogre
   988 | D:3      | Noticed Terence
   990 | D:3      | Reached XP level 5. HP: 38/39 MP: 1/11
  1014 | D:3      | Killed Terence
  1135 | D:4      | Reached skill level 1 in Fighting
  1135 | D:4      | Reached skill level 5 in Unarmed Combat
  1216 | D:4      | Reached skill level 2 in Dodging
  1322 | D:3      | Killed Natasha
  1322 | D:3      | Reached XP level 6. HP: 29/47 MP: 2/12
  1500 | D:4      | Reached skill level 2 in Fighting
  1765 | D:4      | Reached skill level 6 in Unarmed Combat
  1821 | D:5      | Entered Level 5 of the Dungeon
  1875 | D:5      | Reached skill level 3 in Dodging
  1875 | D:5      | Reached XP level 7. HP: 55/56 MP: 9/13
  2098 | D:5      | Found a glowing drain.
  2125 | Sewer    | Entered a sewer
  2376 | Sewer    | Reached skill level 3 in Fighting
  2655 | D:5      | Reached skill level 7 in Unarmed Combat
  2693 | D:5      | Reached skill level 4 in Dodging
  2698 | D:5      | Reached XP level 8. HP: 43/64 MP: 8/14
  2789 | D:6      | Reached skill level 1 in Stealth
  2921 | D:6      | Reached skill level 4 in Fighting
  3003 | D:6      | Found an ancient bone altar of Kikubaaqudgha.
  3004 | D:6      | Found a blossoming altar of Fedhas.
  3095 | D:7      | Reached skill level 8 in Unarmed Combat
  3400 | D:7      | Noticed Joseph
  3554 | D:7      | Reached skill level 5 in Dodging
  3619 | D:7      | Found a staircase to the Ecumenical Temple.
  3659 | D:8      | Noticed a two-headed ogre
  3670 | D:8      | Killed a two-headed ogre
  3670 | D:8      | Reached skill level 5 in Fighting
  3670 | D:8      | Reached skill level 9 in Unarmed Combat
  3670 | D:8      | Reached XP level 9. HP: 74/74 MP: 8/15
  3757 | D:8      | Noticed zero's ghost (novice MiBe)
  3779 | D:8      | HP: 3/74 [zero's ghost (17)]
  3781 | D:8      | Killed zero's ghost
  3781 | D:8      | Reached skill level 6 in Dodging
  3792 | D:8      | Reached skill level 6 in Fighting
  3974 | D:7      | Gained mutation: You are clumsy. (Dex -2) [potion of mutation]
  3974 | D:7      | Gained mutation: You are weak. (Str -2) [potion of mutation]
  3974 | D:7      | Gained mutation: You have sharp toenails. [potion of mutation]
  3975 | D:7      | Lost mutation: You are clumsy. (Dex -2) [potion of mutation]
  3975 | D:7      | Lost mutation: You have sharp toenails. [potion of mutation]
  3975 | D:7      | Lost mutation: You are weak. (Str -2) [potion of mutation]
  3975 | D:7      | Gained mutation: You are frail. (-10% HP) [potion of mutation]
  3975 | D:7      | Gained mutation: You evolve. [potion of mutation]
  4031 | D:7      | Killed Joseph
  4031 | D:7      | Reached skill level 10 in Unarmed Combat
  4229 | D:8      | Noticed a two-headed ogre
  4243 | D:8      | Killed a two-headed ogre
  4243 | D:8      | Reached skill level 4 in Transmutations
  4243 | D:8      | Reached XP level 10. HP: 55/74 MP: 3/16
  4271 | D:9      | Found a staircase to the Orcish Mines.
  4296 | D:9      | Reached skill level 5 in Transmutations
  4433 | D:9      | Noticed Erolcha
  4450 | D:9      | Killed Erolcha
  4450 | D:9      | Reached skill level 6 in Transmutations
  4694 | D:10     | Entered Level 10 of the Dungeon
  4701 | D:9      | Reached skill level 7 in Transmutations
  4770 | D:9      | Identified Derax's Almanac of Evil Creation
  4778 | D:9      | Learned a level 5 spell: Blade Hands
  4846 | D:10     | Found Funela's Antique Weapon Boutique.
  5012 | D:9      | Found a staircase to the Lair.
  5125 | D:10     | Noticed a two-headed ogre
  5134 | D:10     | Slain by a two-headed ogre

Vault maps used:
D:1:      lightli_molten_gateway, serial_forest, infiniplex_forest_lined_2,
          infiniplex_forest_clump_tiny, infiniplex_forest_lined_room_2,
          infiniplex_forest_lined_ring, infiniplex_forest_lined_2,
          corexii_item_surrounded_by_moat, minivault_23, minmay_misc_feat_chi,
          hangedman_decor_peaks_small, minmay_misc_feat_ornament
D:2:      gammafunk_temple_overflow_claw, marbit_many_paths
D:3:      first_bread, guppyfry_early_lair_pool, uniq_natasha, uniq_terence
D:5:      cheibrodos_sewer_entry_drain, minmay_splitting_lines
D:6:      grunt_temple_overflow_growth_and_decay
D:7:      minmay_temple_entry_from_below_a, uniq_joseph
D:8:      grunt_livestock
D:9:      grunt_lair_entry_orc_guard_hut, orc_david_3, minmay_variable_closet,
          uniq_erolcha
D:10:     serial_shops, nicolae_shop_trees, minmay_misc_feat_five
Sewer:    kennysheep_pipe_town

Skill      XL: |  1  2  3  4  5  6  7  8  9 10 |
---------------+-------------------------------+-----
Spellcasting   | 2 |  2.2
Transmutations | 2 3 4 7 |  7.1
Unarmed Combat | 3 4 5 6 7 9 10 | 10.2
Fighting       | 1 2 3 5 6 |  6.4
Dodging        | 2 3 4 5 6 |  6.5
Stealth        | 1 |  1.0

Action                   |  1- 3 |  4- 6 |  7- 9 | 10-12 || total
-------------------------+-------+-------+-------+-------++-------
Melee: Short sword       |    57 |     2 |       |       ||    59
       Unarmed           |    23 |   120 |   305 |    94 ||   542
       Kick              |    15 |       |       |       ||    15
       Headbutt          |     8 |       |       |       ||     8
       Punch             |     1 |       |     3 |     3 ||     7
       Dagger            |       |     3 |    33 |       ||    36
 Cast: Beastly Appendage |    17 |     1 |       |       ||    18
       Sticks to Snakes  |    11 |    11 |    35 |    11 ||    68
       Spider Form       |     3 |    24 |    53 |    14 ||    94
       Blade Hands       |       |       |       |     3 ||     3
 Abil: End Transformatio |       |     1 |     3 |     2 ||     6
Evoke: Wand              |       |       |       |     1 ||     1
  Use: Scroll            |     2 |     7 |     6 |     5 ||    20
       Potion            |       |     2 |     8 |     2 ||    12
 Stab: Distracted        |     1 |     1 |       |     1 ||     3
       Sleeping          |       |     1 |     2 |     2 ||     5
       Invisible         |       |       |     6 |       ||     6
  Eat: Chunk             |     1 |     7 |    15 |     6 ||    29
       Royal jelly       |       |       |     1 |       ||     1
       Fruit             |       |       |       |     1 ||     1
Armor: Robe              |     7 |     7 |    10 |     1 ||    25
       Skin              |       |     8 |    12 |     2 ||    22
       Leather armour    |       |       |       |     1 ||     1
Dodge: Dodged            |    45 |   104 |   304 |    89 ||   542

Table legend:
 A = Spawn XP
 B = Non-spawn XP
 C = Spawn XP percentage of total XP
 D = Spawn monster count
 E = Non-spawn monster count
 F = Spawn count percentage of total count
 G = Total turns spent on level
                    A         B        C        D         E        F      G
               +---------+---------+-------+---------+---------+-------+---------
         Total |       0 |    9726 |   0.0 |       0 |     245 |   0.0 |  5134
               +---------+---------+-------+---------+---------+-------+---------
           D:1 |       0 |      30 |   0.0 |       0 |      13 |   0.0 |   381
           D:2 |       0 |      94 |   0.0 |       0 |      29 |   0.0 |   528
           D:3 |       0 |     404 |   0.0 |       0 |      31 |   0.0 |   421
           D:4 |       0 |     297 |   0.0 |       0 |      15 |   0.0 |   498
           D:5 |       0 |     739 |   0.0 |       0 |      33 |   0.0 |   525
           D:6 |       0 |     451 |   0.0 |       0 |      19 |   0.0 |   335
           D:7 |       0 |    1495 |   0.0 |       0 |      33 |   0.0 |   889
           D:8 |       0 |    3698 |   0.0 |       0 |      21 |   0.0 |   429
           D:9 |       0 |    1993 |   0.0 |       0 |      17 |   0.0 |   651
          D:10 |       0 |     291 |   0.0 |       0 |      10 |   0.0 |   102
         Sewer |       0 |     234 |   0.0 |       0 |      24 |   0.0 |   375
               +---------+---------+-------+---------+---------+-------+---------

Table legend:
 A = Turns spent in this place as a percentage of turns spent in the entire game.
 B = Non-inter-level travel turns spent in this place as a percentage of non-inter-level travel turns spent in the entire game.
 C = Inter-level travel turns spent in this place as a percentage of turns spent in this place.
 D = Turns resting spent in this place as a percentage of non-inter-level travel turns spent in this place.
 E = Turns spent auto-exploring this place as a percentage of non-inter-level travel turns spent in this place.
 F = Non-inter-level travel turns spent in this place divided by the number of levels of this place that you've seen.
                   A       B       C       D       E      F
               +-------+-------+-------+-------+-------+----------------------
         Total | 100.0 | 100.0 |   4.8 |   0.0 |   0.0 | 444.5
       Dungeon |  92.7 |  92.3 |   5.1 |   0.0 |   0.0 | 451.4
         Sewer |   7.3 |   7.7 |   0.0 |   0.0 |   0.0 | 375.0
               +-------+-------+-------+-------+-------+----------------------

Table legend:
 A = Kills in this place as a percentage of kills in entire the game.
 B = Kills by you in this place as a percentage of kills by you in the entire game.
 C = Kills by friends in this place as a percentage of kills by friends in the entire game.
 D = Other kills in this place as a percentage of other kills in the entire game.
 E = Experience gained in this place as a percentage of experience gained in the entire game.
 F = Experience gained in this place divided by the number of levels of this place that you have seen.
                   A       B       C       D       E      F
               +-------+-------+-------+-------+-------+----------------------
         Total | 100.0 | 100.0 | 100.0 | 100.0 | 100.0 | 884.2
       Dungeon |  90.2 |  89.7 |  95.0 | 100.0 |  97.6 | 949.2
         Sewer |   9.8 |  10.3 |   5.0 |   0.0 |   2.4 | 234.0
               +-------+-------+-------+-------+-------+----------------------

Vault maps used:
D:1:      lightli_molten_gateway, serial_forest, infiniplex_forest_lined_2,
          infiniplex_forest_clump_tiny, infiniplex_forest_lined_room_2,
          infiniplex_forest_lined_ring, infiniplex_forest_lined_2,
          corexii_item_surrounded_by_moat, minivault_23, minmay_misc_feat_chi,
          hangedman_decor_peaks_small, minmay_misc_feat_ornament
D:2:      gammafunk_temple_overflow_claw, marbit_many_paths
D:3:      first_bread, guppyfry_early_lair_pool, uniq_natasha, uniq_terence
D:5:      cheibrodos_sewer_entry_drain, minmay_splitting_lines
D:6:      grunt_temple_overflow_growth_and_decay
D:7:      minmay_temple_entry_from_below_a, uniq_joseph
D:8:      grunt_livestock
D:9:      grunt_lair_entry_orc_guard_hut, orc_david_3, minmay_variable_closet,
          uniq_erolcha
D:10:     serial_shops, nicolae_shop_trees, minmay_misc_feat_five
Sewer:    kennysheep_pipe_town
